 Dungeon Crawl Stone Soup version 0.20.0-7-g3b7b877 (webtiles) character file.

90 mopl the Firebug (level 4, -6/24 HPs)
             Began as a Deep Elf Fire Elementalist on May 29, 2017.
             Killed by nerve-wracking pain
             ... invoked by an orc priest
              (8 damage)
             ... on level 3 of the Dungeon.
             The game lasted 00:02:55 (1181 turns).

mopl the Firebug (Deep Elf Fire Elementalist)       Turns: 1181, Time: 00:02:56

Health: -6/24      AC:  5    Str:  5    XL:     4   Next: 32%
Magic:  1/11       EV: 13    Int: 21    God:
Gold:   88         SH:  0    Dex: 15    Spells: 2/10 levels left

rFire    . . .     SeeInvis .   (no weapon)
rCold    . . .     Gourm    .   (no shield)
rNeg     . . .     Faith    .   k - +2 robe
rPois    .         Spirit   .   (no helmet)
rElec    .         Reflect  .   (no cloak)
rCorr    .         Harm     .   (no gloves)
MR       .....                  r - +0 pair of boots
Stlth    ++........             (no amulet)
Regen    0.1/turn               (no ring)
MPRegen  0.2/turn               (no ring)

@: very slightly contaminated
A: no striking features
a: no special abilities


You were on level 3 of the Dungeon.
You were not hungry.

You visited 1 branch of the dungeon, and saw 3 of its levels.

You collected 88 gold pieces.

Inventory:

Armour
 k - a +2 robe (worn)
 r - a +0 pair of boots (worn)
Wands
 p - a wand of random effects (28/48)
Scrolls
 h - 5 scrolls of magic mapping {unknown}
 i - a scroll of fear {unknown}
 l - 3 scrolls of remove curse {unknown}
 m - a scroll of teleportation {unknown}
 n - a scroll of random uselessness {unknown}
 o - a scroll of enchant armour {unknown}
 q - a scroll of identify {unknown}
Potions
 a - a potion of heal wounds {unknown}
 d - a potion of resistance {unknown}
 e - 3 potions of brilliance {unknown}
 g - a potion of invisibility {unknown}
 j - a potion of haste {unknown}
Books
 b - a book of Flames

   Spells                             Type                      Level
   a - Flame Tongue                   Conjuration/Fire             1
   b - Throw Flame                    Conjuration/Fire             2
   c - Conjure Flame                  Conjuration/Fire             3
   d - Inner Flame                    Hexes/Fire                   3
   e - Sticky Flame                   Conjuration/Fire             4
   f - Fireball                       Conjuration/Fire             5
Comestibles
 c - 2 bread rations
 f - 5 fruits
 s - a royal jelly


   Skills:
 - Level 2.4 Dodging
 - Level 2.4 Stealth
 + Level 3.7 Spellcasting
 * Level 2.7 Conjurations
 * Level 4.6 Fire Magic


You had 2 spell levels left.
You knew the following spells:

 Your Spells              Type           Power        Failure   Level  Hunger
a - Flame Tongue          Conj/Fire      ###..        2%          1    None
c - Conjure Flame         Conj/Fire      ###.....     9%          3    ###....
d - Sticky Flame          Conj/Fire      ###.....     26%         4    ####...


Dungeon Overview and Level Annotations

Branches:
Dungeon (3/15)

Altars:
Hepliaklqana


Message History

The orc priest hits you.
Casting: Flame Tongue
Confirm with . or Enter, or press ? or * to list all spells.
Aiming: Sticky Flame
Press: ? - help, Shift-Dir - straight line, f - orc priest
Aim: an orc priest You miscast Sticky Flame.
You are very lightly contaminated with residual magic.
You are momentarily dazzled by a flash of light!
The orc throws a tomahawk.
The tomahawk hits you but does no damage.
The orc priest hits you.
You see here a leather armour.
The orc priest calls down the wrath of Beogh upon you.
Beogh smites you!
Ouch! That really hurt!
* * * LOW HITPOINT WARNING * * *
The orc priest invokes the aid of Beogh against you.
Pain shoots through your body!
You die...

#.# #.# #.# ######
#########.# #....#
#.......(o# #.##.#
#.#######o###########.##.#
##..[##...(......#.#
#.....#.#######..#.#
##..@##.# #..#.# ##.....#
#..#.# #.##### #....# #.#
##.### #+# #.# ####.##
#####.....# #..........#
..###...<..#


You could see an orc priest and an orc.

Vanquished Creatures
  Jessica (D:2)
  3 adders
  A dart slug (D:2)
  2 orcs (D:3)
  A giant cockroach (D:1)
  3 goblins
  2 hobgoblins (D:2)
  3 jackals (D:1)
  A quokka (D:2)
  6 bats
  4 frilled lizards
  4 kobolds
  4 rats
  A toadstool (D:1)
36 creatures vanquished.

Vanquished Creatures (others)
  3 toadstools (D:1)
3 creatures vanquished.

Grand Total: 39 creatures vanquished

Notes
Turn   | Place    | Note
-------+----------+-------------------------------------------
     0 | D:1      | mopl the Deep Elf Fire Elementalist began the quest for the Orb.
     0 | D:1      | Reached XP level 1. HP: 10/10 MP: 6/6
   325 | D:1      | Reached XP level 2. HP: 11/15 MP: 5/8
   538 | D:2      | Noticed Jessica
   546 | D:2      | Killed Jessica
   546 | D:2      | Reached skill level 2 in Conjurations
   546 | D:2      | Reached skill level 4 in Fire Magic
   546 | D:2      | Reached XP level 3. HP: 19/19 MP: 4/9
   565 | D:2      | Learned a level 3 spell: Conjure Flame
   800 | D:2      | Found a hazy altar of Hepliaklqana.
  1091 | D:3      | Reached XP level 4. HP: 24/24 MP: 6/11
  1101 | D:3      | Learned a level 4 spell: Sticky Flame
  1181 | D:3      | Killed from afar by an orc priest

Skill      XL: |  1  2 |
---------------+-------+-----
Conjurations   | 2 |  2.7
Fire Magic     | 4 |  4.6
Dodging        | |  2.4
Stealth        | |  2.4
Spellcasting   | |  3.7

Action                   |  1- 3 |  4- 6 || total
-------------------------+-------+-------++-------
Melee: Unarmed           |     9 |       ||     9
 Cast: Flame Tongue      |    48 |    12 ||    60
Evoke: Wand              |     1 |       ||     1
  Eat: Chunk             |       |     1 ||     1
Armor: Robe              |     4 |     2 ||     6
Dodge: Dodged            |     6 |     3 ||     9
